Map: Dreamcatcher LE

Players

Bunny

  • Race: Terran Terran
  • League: Diamond
  • Spawn Location: 5:00

lIIllllIIlll (INnoVation) - Winner!

  • Race: Terran Terran
  • League: Master
  • Spawn Location: 11:00

Event: HomeStory Cup XVIII

VOD

Have the link to the VOD?

Description

Time

  • Played on: Nov. 25, 2018, 7:55 a.m.
  • Length: 12:12

All games in this series

Show
View Real Time Build Order
Export as new Build Order

Bunny Terran 

Build Orders: Reaper Expand 

Get SALT Encoding   

  12  0:00  SCV  
  13  0:12  SCV  
  14  0:17  Supply Depot  
  14  0:25  SCV  
  15  0:39  SCV  
  15  0:40  Barracks  
  16  0:43  Refinery  
  16  0:51  SCV  
  17  1:03  SCV  
  18  1:15  SCV  
  19  1:27  Orbital Command, Reaper  
  20  1:42  Command Center  
  20  1:52  SCV  
  21  1:58  Supply Depot  
  21  1:59  Marine  
  22  2:04  SCV  
  23  2:10  Factory  
  23  2:18  Refinery  
  23  2:19  SCV  
  23  2:21  Barracks Reactor  
  24  2:24  Bunker  
  24  2:32  SCV  
  25  2:44  SCV  
  26  2:54  Orbital Command  
  26  2:55  Starport  
  26  2:56  SCV, Hellion  
  29  2:58  Marine  
  29  3:00  Marine  
  31  3:08  SCV  
  32  3:16  Marine  
  32  3:17  Factory Tech Lab  
  32  3:18  Marine  
  34  3:20  SCV  
  34  3:23  SCV  
  36  3:30  Supply Depot  
  36  3:32  SCV  
  37  3:35  SCV  
  37  3:39  Raven  
  37  3:40  Marine x2  
  42  3:44  SCV, Factory Tech Lab  
  42  3:47  SCV  
  44  3:56  SCV  
  44  3:57  Command Center  
  44  4:03  SCV  
  44  4:06  Refinery  
  44  4:08  SCV  
  44  4:09  Refinery  
  46  4:11  Hellion  
  50  4:20  SCV x2  
  50  4:22  Raven  
  50  4:24  Supply Depot  
  52  4:32  SCV  
  52  4:33  SCV  
  52  4:36  Supply Depot  
  54  4:42  Supply Depot  
  54  4:45  Marine x2, Siege Tank  
  54  4:48  SCV x2  
  54  4:52  Engineering Bay  
  61  4:55  Engineering Bay  
  61  5:00  SCV x2  
  63  5:11  Orbital Command  
  63  5:12  SCV  
  64  5:15  Marine, Viking x2  
  64  5:18  Terran Infantry Weapons Level 1  
  64  5:20  Terran Infantry Armor Level 1  
  69  5:26  Siege Tank  
  72  5:30  SCV x2  
  72  5:32  Marine  
  75  5:37  SCV  
  75  5:42  SCV x2  
  78  5:45  Viking x2  
  78  5:47  Supply Depot  
  82  5:50  Marine  
  83  5:58  Siege Tank  
  83  6:00  SCV x3  
  89  6:05  Barracks  
  89  6:06  Stimpack  
  89  6:18  Marine  
  70  6:20  Viking x2  
  61  6:26  SCV x3  
  61  6:31  Siege Tank  
  67  6:33  Barracks  
  67  6:34  Barracks  
  67  6:36  Marine  
  68  6:43  Barracks  
  68  6:50  Viking x2  
  68  6:52  Barracks Reactor  
  70  6:57  Marine  
  70  6:59  SCV x3  
  74  7:01  Supply Depot  
  74  7:03  Siege Tank  
  77  7:11  SCV  
  77  7:12  SCV x2  
  80  7:19  Marine  
  80  7:20  Viking x2  
  80  7:21  Barracks Reactor  
  85  7:23  Barracks Reactor  
  85  7:35  Marine  
  86  7:37  Marine, Barracks Reactor  
  86  7:38  Siege Tank  
  86  7:41  Supply Depot  
  86  7:42  Marine  
  91  7:45  Armory  
  91  7:49  Viking  
  93  7:54  Viking  
  93  7:56  Marine x2  
  91  8:12  Siege Tank  
  85  8:15  Marine x4  
  85  8:16  Marine x4  
  85  8:17  Marine  
  85  8:19  Medivac  
  93  8:25  Supply Depot  
  93  8:26  Medivac  
  86  8:38  Orbital Command  
  76  8:45  SCV x2  
  76  8:47  Marine x7  
  74  8:49  Marine x2, Medivac  
  74  8:54  Combat Shield  
  78  8:56  Medivac  
  80  9:03  Siege Tank  
  80  9:05  Marine x3  
  80  9:06  Marine x2  
  80  9:07  Marine  
  89  9:10  Marine x2  
  91  9:17  Marine  
  91  9:23  Marine x3, Medivac  
  97  9:25  Marine x3  
  97  9:26  Medivac  
  102  9:34  Marine  
  102  9:35  Marine x2, Siege Tank  
  108  9:40  SCV  
  108  9:41  Marine  
  108  9:43  Marine x5  
  115  9:54  Marine x2  
  115  9:55  Marine  
  115  9:59  Marine  
  112  10:01  Marine x2  
  112  10:11  Marine x3  
  112  10:12  Marine x3  
  110  10:17  Marine  
  110  10:18  Marine  
  110  10:19  Marine, Siege Tank, Medivac  
  110  10:20  Medivac  
  118  10:28  Marine  
  118  10:29  Marine x2  
  118  10:30  Marine  
  105  10:43  Marine x5  
  105  10:46  Marine x2  
  105  10:47  Marine  
  105  10:49  Medivac  
  98  10:51  Siege Tank  
  98  10:52  Marine, Medivac  
  104  11:01  Marine x4  
  108  11:08  Marine  
  108  11:09  Marine x3  
  108  11:10  Marine  
  113  11:18  Marine  
  113  11:19  Marine x3, Medivac  
  113  11:22  Medivac  
  113  11:24  Siege Tank  
  124  11:28  Marine  
  124  11:31  Supply Depot  
  125  11:33  Marine x2  
  125  11:39  Marine  
  126  11:40  Marine x4  
  126  11:42  Marine  
  131  11:52  Marine x3  
  136  11:54  Supply Depot  
Show
View Real Time Build Order
Export as new Build Order

lIIllllIIlll Terran - Winner!

Build Orders:  

Get SALT Encoding   

  12  0:00  SCV  
  13  0:12  SCV  
  14  0:17  Supply Depot  
  14  0:24  SCV  
  14  0:27  Refinery  
  15  0:38  SCV  
  16  0:44  Barracks  
  16  0:50  SCV  
  16  0:54  Refinery  
  17  1:02  SCV  
  18  1:15  SCV  
  19  1:31  Orbital Command  
  19  1:32  Factory  
  19  1:35  Reaper  
  20  1:43  Supply Depot  
  20  1:56  SCV  
  21  2:07  Reaper  
  22  2:08  SCV  
  23  2:16  Hellion  
  23  2:21  SCV  
  26  2:25  Command Center  
  26  2:33  SCV  
  27  2:37  Hellion  
  27  2:40  Barracks Reactor  
  29  2:45  SCV  
  29  2:46  Starport  
  30  2:52  Supply Depot  
  30  2:57  SCV  
  31  2:58  Factory Tech Lab  
  31  3:13  SCV  
  31  3:17  Cyclone  
  35  3:24  Starport Tech Lab, Refinery  
  35  3:26  SCV  
  36  3:29  Marine  
  36  3:30  Marine  
  38  3:38  Orbital Command, SCV  
  39  3:42  Raven  
  41  3:49  Marine x2  
  41  3:50  SCV  
  44  3:56  Siege Tank  
  44  4:02  SCV  
  48  4:04  SCV  
  48  4:07  Supply Depot  
  48  4:09  Marine  
  50  4:10  Marine  
  50  4:14  SCV  
  50  4:16  SCV  
  53  4:23  Supply Depot  
  53  4:29  Siege Tank  
  53  4:30  SCV x2  
  58  4:34  Viking  
  58  4:37  Viking  
  62  4:42  Supply Depot  
  62  4:44  SCV  
  62  4:45  SCV  
  64  4:50  Stimpack  
  64  4:56  SCV, Refinery  
  64  4:57  SCV  
  66  5:01  Marine, Siege Tank  
  70  5:08  SCV, Supply Depot  
  70  5:09  SCV  
  70  5:13  Viking  
  74  5:17  Viking  
  74  5:21  SCV  
  77  5:22  SCV  
  78  5:33  SCV  
  78  5:34  SCV  
  83  5:43  Viking  
  83  5:48  Viking  
  83  5:49  SCV x2, Supply Depot  
  86  5:57  Command Center  
  86  6:11  SCV x2  
  88  6:13  Viking  
  88  6:18  Viking  
  75  6:21  Siege Tank  
  75  6:23  SCV x2  
  74  6:26  Liberator  
  74  6:27  Engineering Bay x2  
  74  6:29  Marine  
  74  6:31  Liberator  
  75  6:35  SCV x2  
  80  6:47  SCV x2  
  80  6:48  Marine  
  86  6:56  Terran Infantry Armor Level 1, Terran Infantry Weapons Level 1  
  86  6:58  Siege Tank  
  86  7:00  Barracks x2  
  86  7:01  SCV x2  
  91  7:05  Combat Shield  
  91  7:06  Marine  
  92  7:10  Orbital Command  
  92  7:14  SCV x2  
  94  7:23  Barracks x2  
  94  7:24  Marine  
  94  7:26  SCV x2  
  94  7:28  Refinery  
  94  7:29  Refinery  
  97  7:30  Siege Tank  
  104  7:39  SCV x2  
  104  7:40  SCV  
  104  7:43  Armory  
  103  7:44  Supply Depot  
  103  7:45  Supply Depot  
  103  7:49  Barracks Reactor  
  103  7:50  Marine, Barracks Reactor  
  104  7:54  SCV x3  
  104  7:55  Viking  
  101  8:07  SCV x3  
  101  8:09  Siege Tank  
  103  8:16  Barracks Reactor x2  
  103  8:19  SCV x3  
  106  8:21  Marine  
  106  8:26  Medivac x2  
  109  8:27  Marine x4  
  109  8:39  Marine  
  109  8:41  Siege Tank  
  107  8:45  Marine x4  
  107  8:48  Command Center  
  99  8:50  Sensor Tower  
  99  8:53  Marine x2  
  99  8:54  Marine x2, Terran Infantry Weapons Level 2  
  103  8:56  Medivac x2  
  103  8:57  Marine  
  108  9:02  Marine  
  108  9:04  Terran Infantry Armor Level 2, Supply Depot  
  108  9:05  Marine x2, Supply Depot  
  111  9:13  Marine x5  
  111  9:15  Marine  
  117  9:18  Supply Depot  
  117  9:19  Siege Tank  
  117  9:20  Supply Depot  
  120  9:26  Marine x2, Viking x2  
  120  9:28  Marine  
  120  9:30  Marine x2  
  120  9:31  Marine  
  129  9:34  Marine x3  
  129  9:36  Terran Vehicle Weapons Level 1  
  133  9:43  Supply Depot  
  133  9:44  Supply Depot  
  132  9:48  SCV x3  
  132  9:49  Marine x6  
  139  9:54  Marine x2, Siege Tank  
  141  10:06  SCV x2  
  139  10:10  Marine x7  
  139  10:12  Marine x2  
  141  10:19  Medivac x2  
  142  10:26  Siege Tank  
  142  10:27  Marine, Planetary Fortress  
  142  10:28  Marine x4  
  150  10:34  Marine x4  
  148  10:45  Marine  
  148  10:48  Marine x4  
  148  10:49  Viking, Orbital Command  
  154  10:50  Viking  
  154  10:51  Marine  
  154  10:52  Marine  
  154  10:55  Refinery x2  
  158  11:03  Marine x3  
  161  11:06  Marine x2  
  161  11:08  Siege Tank  
  166  11:12  SCV x2  
  166  11:18  SCV  
  169  11:22  Marine  
  169  11:23  Marine x6  
  169  11:24  Marine x2  
  178  11:25  Viking  
  178  11:30  Sensor Tower  
  178  11:31  Viking  
  178  11:40  Marine  
  178  11:41  Marine x4  
  178  11:45  SCV  
  178  11:46  SCV x2  
  187  11:49  Refinery  
  187  11:50  Refinery  
  187  11:51  Marine  
Tags
 
Add a new tag
Caveats
  • Supply blocks, unpowered buildings, or Contaminate may cause inaccurate times.
  • Supply counts are checked every 10 seconds.